 Dungeon Crawl Stone Soup version 0.20-a0-833-gc632bec (webtiles) character file.

25988 4thArraOfDagon the Gouger (level 12, -8/88 HPs)
             Began as a Felid Wanderer on Mar 6, 2017.
             Was a High Priest of Wu Jian.
             Mangled by an orc warlord
             ... wielding a +1 bardiche of flaming
              (39 damage)
             ... on level 2 of the Orcish Mines on Mar 7, 2017.
             The game lasted 01:03:38 (10367 turns).

4thArraOfDagon the Gouger (Felid Wanderer)         Turns: 10367, Time: 01:03:38

Health: -8/88      AC:  4    Str: 13    XL:     12   Next: 94%
Magic:  14/19      EV: 28    Int: 17    God:    Wu Jian [*****.]
Gold:   1505       SH:  4    Dex: 17    Spells: 11/17 levels left
                                        Lives:  0   Deaths: 3

rFire    + . .     SeeInvis +     - Unarmed
rCold    + . .     Gourm    .   (armour unavailable)
rNeg     . . .     Faith    .   (shield unavailable)
rPois    +         Spirit   .   (helmet unavailable)
rElec    .         Reflect  .   (cloak unavailable)
rCorr    .         Harm     .   (gloves unavailable)
MR       ++...     Rnd*Rage +   (boots unavailable)
Stlth    ..........             A - amulet of rage
Regen    1.3/turn               C - ring of fire
MPRegen  0.2/turn               h - ring of protection from magic

@: berserking, regenerating, very quick
A: no armour, no weapons or thrown items, stealth, claws 1, fangs 3, large bone
plates 1, rugged brown scales 1, see invisible, berserk 1, carnivore 3, cold
resistance 1, speed 1, sense surroundings 1, poison resistance, shaggy fur 3,
slow metabolism 1, sharp paws
a: Serpent's Lash, Heaven On Earth, Renounce Religion, Evoke Berserk Rage


You were on level 2 of the Orcish Mines.
You worshipped Wu Jian.
Wu Jian was extremely pleased with you.
You were full.

You visited 3 branches of the dungeon, and saw 18 of its levels.

You collected 1505 gold pieces.

Inventory:

Jewellery
 h - a ring of protection from magic (left paw)
 l - a +4 ring of dexterity
 q - an uncursed ring of magical power
 s - an uncursed ring of magical power
 v - an uncursed ring of ice
 y - an uncursed ring of wizardry
 A - an amulet of rage (around neck)
 C - a ring of fire (right paw)
Wands
 b - a wand of confusion (0/48)
 f - a wand of polymorph (0/24)
 i - a wand of digging (14/24)
 k - a wand of flame (20/48)
 m - a wand of acid (4/15)
 n - a wand of iceblast (9/15)
 o - a wand of polymorph (0/24)
 w - a wand of lightning (0/15)
 D - a wand of enslavement (14/24)
 F - a wand of lightning (9/15)
Scrolls
 c - 8 scrolls of teleportation
 e - 2 scrolls of amnesia
 j - a scroll of noise
 r - a scroll of magic mapping
 t - 3 scrolls of remove curse
 x - a scroll of blinking
 z - 2 scrolls of immolation
Potions
 g - a potion of curing
 u - a potion of haste
 B - a potion of resistance
Miscellaneous
 E - a lamp of fire
Comestibles
 d - 4 meat rations
 p - a royal jelly


   Skills:
 + Level 10.1 Fighting
 + Level 12.1 Dodging
 + Level 12.1 Stealth
 * Level 13.2 Unarmed Combat
 - Level 3.1 Spellcasting
 - Level 7.1 Charms
 - Level 6.0 Necromancy
 - Level 8.4 Evocations


You had 11 spell levels left.
You knew the following spells:

 Your Spells              Type           Power        Failure   Level  Hunger
a - Regeneration          Chrm/Necr      ####......   4%          3    ###....
b - Confusing Touch       Hex            #.....       21%         1    None
c - Animate Skeleton      Necr           N/A          1%          1    None
d - Apportation           Tloc           #.....       21%         1    None


Dungeon Overview and Level Annotations

Branches:
Dungeon (15/15)            Temple (1/1) D:4            Lair (0/6) D:10
    Orc (2/2) D:12            Elf (0/3) Orc:2        Vaults (0/5) D:14
 Depths: D:15

Altars:
Ashenzari
Dithmenos
Elyvilon
Fedhas
Gozag
Hepliaklqana
Kikubaaqudgha
Makhleb
Nemelex Xobeh
Okawaru
Qazlal
Ru
Sif Muna
Uskayaw
Vehumet
Wu Jian
Xom
Yredelemnul
Zin
The Shining One
Beogh

Portals:
Trove: D:10 (give 15 scrolls of teleportation)

Annotations:
D:2 Natasha
D:6 Grinder; anet's ghost, novice DEWz
D:8 derval's ghost, novice MfSk
D:15 Azrael


Innate Abilities, Weirdness & Mutations

You cannot wear armour.
You are incapable of wielding weapons or throwing items.
Your paws allow you to move quietly. (Stealth)
You have sharp claws.
You have razor-sharp teeth.
You have supernaturally acute eyesight. (SInv)
You are carnivorous and can eat meat at any time.
You cover ground quickly.
Your thick and shaggy fur keeps you warm. (AC +3, rC+)
You have a slow metabolism.
Your sharp claws are effective at attacking unaware monsters.
You are partially covered in large bone plates. (SH +4)
You are partially covered in rugged brown scales. (AC +1, +3% HP)
You tend to lose your temper in combat.
Your flesh is cold resistant. (rC+)
You passively map a small area around you.
Your system is resistant to poisons. (rPois)


Message History

Your skin crawls.
The orc warlord unwields an uncursed arbalest.
The orc warlord wields an uncursed bardiche of flaming.
It bursts into flame!
The orc warlord hits you with an uncursed bardiche of flaming!!
Ouch! That really hurt!
The orc warlord burns you.
Unknown command.
Unknown command.
You feel much better.
A red film seems to cover your vision as you go berserk!
You feel yourself moving faster!
You feel mighty!
The orc warlord hits you with an uncursed bardiche of flaming!!!
The orc warlord burns you!
You mangle the orc warlord!!
The orc warlord is moderately wounded.
You scratch the orc warlord.
The orc warlord is moderately wounded.
The orc warlord hits you with an uncursed bardiche of flaming!!!
You die...

##.## ##.#.....##### ##
#.#)###)###....#.#.## #####
###)##)## #........# ##.....
#####.)#)## #.....#.# #......
#..#..))### ##....### #......
##........#####(......#####......
..........).##........##.........
....##.........).o....#.......#..
....#...........@#...........###.
...####..........##........##.##.
....####........####o......#...#.
.....#.........## #........#..##.
....#...).......###............#.
#................................
##.......................#.......
..........##.#.........###.......
#.........####.......####......#.


You could see an orc warlord.

Vanquished Creatures
  Erolcha (Orc:1)
  Fannar (D:10)
  Harold (D:10)
  A hydra (D:12)
  A catoblepas (D:15)
  3 centaur warriors
  A tengu warrior (D:13)
  8 two-headed ogres
  Urug (Orc:2)
  An orc high priest (Orc:2)
  3 unseen horrors
  2 orc knights
  3 deep elf magi
  2 manticores
  2 ugly things (D:14)
  4 cyclopes
  2 orc sorcerers (Orc:2)
  Maurice (D:11)
  A gargoyle (D:13)
  3 centaur zombies
  4 trolls
  4 hippogriffs
  A dream sheep (D:10)
  4 slime creatures (D:15)
  Sigmund (D:6)
  2 wyverns
  6 yaks
  2 vampires
  3 hungry ghosts
  4 wargs
  A naga (shapeshifter) (D:10)
  A porcupine (D:10)
  21 orc warriors
  3 ice beasts
  2 sky beasts
  A black bear (D:10)
  A necrophage (D:8)
  A phantom (D:9)
  18 ogres
  A tengu (D:10)
  7 centaurs
  A crocodile (D:11)
  4 big kobolds
  13 bullfrogs
  A water moccasin skeleton (D:6)
  3 scorpions
  8 crimson imps
  A quasit (D:7)
  12 orc priests
  6 hounds
  23 orc wizards
  A jelly (D:9)
  A bullfrog skeleton (D:7)
  2 centaur skeletons
  Natasha (D:2)
  4 worker ants
  A hound skeleton (D:8)
  2 worker ant zombies
  2 gnolls (D:4)
  5 adders
  A howler monkey skeleton (D:6)
  5 shadow imps
  An adder skeleton (D:6)
  A worm (D:5)
  3 dart slugs
  5 leopard geckos
  65 orcs
  5 giant cockroaches
  A goblin (D:2)
  2 hobgoblins
  3 jackals (D:10)
  13 kobolds
  3 quokkas
  A bat (D:1)
  4 frilled lizards
  2 goblin skeletons (D:4)
  A goblin zombie (D:4)
  2 hobgoblin zombies (D:4)
  A jackal skeleton (D:5)
  A jackal zombie (D:3)
  3 kobold skeletons (D:4)
  2 kobold zombies (D:4)
  A leopard gecko skeleton (D:4)
  A leopard gecko zombie (D:5)
  A quokka zombie (D:8)
  3 rats
  A butterfly (D:4)
353 creatures vanquished.

Vanquished Creatures (others)
  A two-headed ogre (Orc:1)
  An orc (D:4)
  5 fungi (D:10)
7 creatures vanquished.

Grand Total: 360 creatures vanquished

Notes
Turn   | Place    | Note
-------+----------+-------------------------------------------
     0 | D:1      | 4thArraOfDagon the Felid Wanderer began the quest for the Orb.
     0 | D:1      | 4thArraOfDagon set off with: a potion of heal wounds, a potion of berserk rage, 2 scrolls of teleportation, a meat ration
     0 | D:1      | Reached XP level 1. HP: 13/13 MP: 2/2
    91 | D:2      | Noticed Natasha
   118 | D:2      | Reached skill level 1 in Dodging
   120 | D:2      | Reached XP level 2. HP: 16/16 MP: 3/3
   183 | D:2      | Killed Natasha
   183 | D:2      | Reached XP level 3. HP: 13/20 MP: 4/4
   251 | D:2      | Noticed Natasha
   303 | D:1      | Reached skill level 3 in Unarmed Combat
   587 | D:4      | Ultraviolent4: i dont think he knows where the rest key is
   624 | D:4      | Found a glowing golden altar of the Shining One.
   657 | D:5      | Entered Level 5 of the Dungeon
   661 | D:5      | Found an opulent altar of Gozag.
   666 | D:5      | Found Gozag's Platinum Reserve.
   698 | D:4      | Reached XP level 4. HP: 11/24 MP: 5/5
   712 | D:4      | Found an iron altar of Okawaru.
   925 | D:5      | murphy: hi ultra
   932 | D:6      | Noticed Grinder
   937 | D:6      | Ultraviolent4: hi
   946 | D:6      | Ultraviolent4: this is some sort of madman at work
   948 | D:6      | Reached skill level 4 in Unarmed Combat
   948 | D:6      | Reached XP level 5. HP: 16/27 MP: 6/6
   951 | D:6      | murphy: u never watched 4tharra?
   983 | D:6      | murphy: he is a famous player
  1004 | D:6      | Ultraviolent4: i know lol
  1031 | D:7      | Ultraviolent4: he is my favourite player to watch :P
  1041 | D:7      | murphy: he never wastes a turn
  1046 | D:7      | Noticed an ogre
  1055 | D:7      | Killed an ogre
  1055 | D:7      | Reached skill level 5 in Stealth
  1055 | D:7      | Gained mutation: You are covered in thick fur. (AC +2) [Felid growth]
  1055 | D:7      | Reached XP level 6. HP: 8/31 MP: 7/7
  1083 | D:6      | murphy: he would sell his grandmother instead of wasting a turn
  1146 | D:7      | Reached skill level 5 in Unarmed Combat
  1153 | D:6      | Found a hazy altar of Hepliaklqana.
  1155 | D:6      | You fall through a shaft for 2 floors!
  1173 | D:8      | Ultraviolent4: especially wasting a turn to put rcorr ring on before slime :D
  1225 | D:8      | Reached XP level 7. HP: 18/34 MP: 8/8
  1258 | D:8      | Ultraviolent4: that was pretty next level
  1277 | D:8      | murphy: XD
  1304 | D:8      | Gained mutation: Your system is resistant to poisons. (rPois) [mutagenic meat]
  1305 | D:8      | Gained mutation: You have a pair of small horns on your head. [mutagenic meat]
  1306 | D:8      | Gained mutation: You are agile. (Dex +2) [mutagenic meat]
  1313 | D:8      | Ultraviolent4: i gotta remember to try the self polymorph sometimes
  1314 | D:8      | Noticed a hungry ghost
  1316 | D:8      | Lost mutation: You have a pair of small horns on your head. [potion of mutation]
  1316 | D:8      | Lost mutation: You are agile. (Dex +2) [potion of mutation]
  1316 | D:8      | Gained mutation: You tend to lose your temper in combat. [potion of mutation]
  1316 | D:8      | Gained mutation: Your flesh is cold resistant. (rC+) [potion of mutation]
  1316 | D:8      | Gained mutation: You are partially covered in large bone plates. (SH +4) [potion of mutation]
  1339 | D:8      | Killed a hungry ghost
  1339 | D:8      | Reached skill level 5 in Dodging
  1339 | D:8      | Reached skill level 6 in Unarmed Combat
  1357 | D:8      | Noticed a hungry ghost
  1364 | D:8      | Killed a hungry ghost
  1399 | D:8      | Reached skill level 7 in Unarmed Combat
  1399 | D:8      | Reached XP level 8. HP: 30/38 MP: 9/9
  1458 | D:8      | murphy: it's useful for naga or formicids too
  1534 | D:8      | Noticed derval's ghost (novice MfSk)
  1559 | D:8      | murphy: often u get a fast moving form
  1581 | D:7      | Ultraviolent4: does it allow you to teleport as formicid?
  1612 | D:7      | murphy: hm..
  1637 | D:7      | murphy: don't think so
  1717 | D:7      | Ultraviolent4: ive never thought to even try
  1775 | D:6      | Noticed Sigmund
  1780 | D:6      | murphy: for formicids i used it one the orb run
  1788 | D:6      | murphy: before i grabbed to orb
  1798 | D:6      | murphy: i turned into a bat
  1805 | D:6      | Ultraviolent4: oh nice
  1816 | D:6      | Ultraviolent4: yea thats clever
  1825 | D:6      | Killed Sigmund
  1902 | D:5      | murphy: and i it can be a kind of a very risky escape move
  1951 | D:5      | Found a shadowy altar of Dithmenos.
  1959 | D:5      | murphy: if nothing else would work
  2001 | D:5      | Gained mutation: You passively map a small area around you. [mutagenic meat]
  2002 | D:5      | Gained mutation: Your spells are a little harder to cast, but a little more powerful. [mutagenic meat]
  2003 | D:5      | Lost mutation: Your spells are a little harder to cast, but a little more powerful. [mutagenic meat]
  2009 | D:5      | Gained mutation: You are partially covered in rugged brown scales. (AC +1, +3% HP) [mutagenic meat]
  2102 | D:5      | Ultraviolent4: well in the early game theres no form that can really screw you
  2130 | D:4      | Ultraviolent4: worst is pig but youre still normal speed
  2159 | D:4      | murphy: pig is faster then normal
  2173 | D:4      | murphy: ??pig form
  2174 | D:4      | Ultraviolent4: even better
  2175 | D:3      | beem: porkalator[1/4]: A unique spell of Kirke that transforms you (or anything else she sees) into a hog. You get faster movement (unless you're already moving quickly), but no equipment. Just run away and wait it out.
  2240 | D:3      | Ultraviolent4: ??polymorph
  2244 | D:3      | beem: polymorph[1/5]: Gives you a random form, usually bad, and changes monsters into other monsters, likely to be harder but without equipment.
  2289 | D:3      | Ultraviolent4: ??polymorph [2
  2290 | D:3      | beem: polymorph[2/5]: Monsters turn into monsters of the same {holiness} and with similar HD, but undead and nonliving monsters cannot be polymorphed.
  2351 | D:4      | Ultraviolent4: ??polymorph [3
  2351 | D:4      | beem: polymorph[3/5]: Good targets for polymorph wand: killer bees, boggarts, harpies, electric eels, wasps, (very) ugly things, and well-equipped monsters (e.g. orc knights and hell knights).
  2396 | D:4      | Ultraviolent4: ??polymorph [4
  2396 | D:4      | beem: polymorph[4/5]:
  3173 | D:4      | Grinder changed into Grinder the Executioner
  2418 | D:4      | Ultraviolent4: doesnt list player forms
  2438 | D:4      | Reached skill level 8 in Unarmed Combat
  2541 | D:4      | You fall through a shaft for 3 floors!
  2541 | D:7      | Found a glowing silver altar of Zin.
  2656 | D:7      | murphy: hm..
  2812 | D:6      | Paralysed by Grinder for 4 turns
  2816 | D:6      | Slain by Grinder
  2817 | D:6      | Reached XP level 7. HP: 0/36 MP: 17/17
  2840 | D:6      | murphy: there is bat, mushroom, pig, tree, wisp...anything else?
  2896 | D:6      | Reached XP level 8. HP: 40/40 MP: 9/9
  2951 | D:6      | Noticed anet's ghost (novice DEWz)
  3083 | D:5      | Ultraviolent4: not that i can think of
  3264 | D:4      | Found a staircase to the Ecumenical Temple.
  3271 | D:4      | rofl
  3274 | Temple   | Entered the Ecumenical Temple
  3350 | Temple   | Became a worshipper of the Wu Jian Council
  3376 | D:4      | Ultraviolent4: porcupine, spider, ice
  3383 | D:5      | Ultraviolent4: and apparently there are very small chances it can give you hydra, statue, dragon
  3383 | D:5      | Ultraviolent4: if wiki is to be believed
  3383 | D:5      | murphy: hm..i think they got removed i trunk
  3383 | D:5      | murphy: *in
  3383 | D:5      | murphy: first update this year
  3383 | D:5      | Ultraviolent4: not that i see
  3383 | D:5      | Ultraviolent4: ah, porcupine form removed
  3383 | D:5      | Ultraviolent4: so wand of self polymorph is quite strong early
  3383 | D:5      | Ultraviolent4: who knew lol
  3421 | D:5      | Ultraviolent4: ??wisp form
  3422 | D:5      | beem: wisp form[1/1]: Form with permaflight, blinkitis, sometimes-confused movement, no spellcasting, no item usage (can use scrolls in 0.15+). Also +10 AC, rF++ rC++ rN+ rPois rElec rRot rCorr.
  3544 | D:8      | Noticed a hippogriff
  3574 | D:8      | Killed a hippogriff
  3605 | D:8      | Reached skill level 9 in Unarmed Combat
  3793 | D:9      | Reached * piety under Wu Jian
  3807 | D:9      | Reached XP level 9. HP: 40/43 MP: 10/10
  3878 | D:10     | Entered Level 10 of the Dungeon
  3991 | D:10     | Found a portal to a secret trove of treasure.
  4067 | D:10     | Noticed Fannar
  4068 | D:10     | Noticed an orb spider
  4068 | D:10     | Noticed Harold
  4080 | D:10     | Killed Fannar
  4080 | D:10     | Reached skill level 10 in Stealth
  4080 | D:10     | Reached skill level 10 in Unarmed Combat
  4093 | D:10     | Ultraviolent4: orb spider lol
  4105 | D:10     | Killed Harold
  4105 | D:10     | Reached XP level 10. HP: 49/49 MP: 11/11
  4109 | D:10     | an orb spider changed into a shapeshifter
  4109 | D:10     | Noticed a salamander
  4109 | D:10     | a shapeshifter changed into a salamander
  4110 | D:10     | Noticed a death drake
  4110 | D:10     | a salamander changed into a death drake
  4115 | D:10     | Slain by a death drake (shapeshifter)
  4116 | D:10     | Reached XP level 9. HP: -1/43 MP: 10/10
  4360 | D:10     | Noticed a centaur warrior
  4401 | D:10     | Noticed a jumping spider
  4410 | D:10     | murphy: btw when u get a new realtime speedrun record?
  4410 | D:10     | a jumping spider changed into a shapeshifter
  4431 | D:10     | Ultraviolent4: when im not streaking maybe
  4762 | D:10     | Ultraviolent4: i nearly broke it in the tournament lol
  4829 | D:11     | murphy: i bet if demise would use some simple macros and rc file changes he could get a win under 30 min
  4887 | D:10     | Ultraviolent4: he plays with force more on lol
  4893 | D:10     | Ultraviolent4: its crazy
  4897 | D:10     | Killed a centaur warrior
  4897 | D:10     | Reached ** piety under Wu Jian
  4897 | D:10     | Reached skill level 11 in Unarmed Combat
  4917 | D:10     | murphy: yes
  4974 | D:10     | Noticed an unseen horror
  4984 | D:10     | Killed an unseen horror
  4984 | D:10     | Reached skill level 10 in Dodging
  4984 | D:10     | Reached XP level 10. HP: 27/50 MP: 11/11
  4998 | D:10     | Identified the Grimoire of Transmigration and Confrontation
  5032 | D:10     | Noticed a two-headed ogre
  5051 | D:10     | murphy: i'm a very slowish player but i tried to improve a little bit myself in the speedrun department
  5108 | D:11     | Ultraviolent4: by pressing buttons faster? :P
  5141 | D:11     | Ultraviolent4: !fastplayer murphy
  5142 | D:11     | beem: murphy is a fast player.
  5147 | D:11     | Ultraviolent4: :O
  5178 | D:11     | murphy: i was suprised when i checked your rc files
  5220 | D:10     | murphy: no i didn't play faster by pressing faster
  5221 | D:10     | Ultraviolent4: how come?
  5234 | D:10     | Learned a level 3 spell: Regeneration
  5322 | D:10     | murphy: i tried to get faster by using clever strategy and refiles
  5327 | D:10     | murphy: macros
  5332 | D:10     | murphy: rc files
  5378 | D:11     | Reached skill level 1 in Necromancy
  5390 | D:11     | Ultraviolent4: why were you surprised by my rc file?
  5397 | D:11     | murphy: so i chekced some recfile of all the 50 fastest players
  5633 | D:11     | Noticed a cyclops
  5640 | D:11     | murphy: dunno remember exactly yours
  5647 | D:11     | Killed a cyclops
  5647 | D:11     | Reached skill level 1 in Charms
  5648 | D:11     | Noticed an unseen horror
  5664 | D:11     | Reached skill level 1 in Spellcasting
  5669 | D:11     | Ultraviolent4: anyway, i use a different one when im speedrunning
  5670 | D:11     | murphy: but in general all where rather low tech
  5672 | D:11     | Killed an unseen horror
  5723 | D:12     | murphy: in terms of speerunning
  5728 | D:12     | Noticed a two-headed ogre
  5732 | D:12     | Killed a two-headed ogre
  5736 | D:12     | Upgraded the game from 0.20-a0-830-g2c9a30d to 0.20-a0-833-gc632bec
  5762 | D:11     | Noticed Maurice
  5791 | D:11     | Killed Maurice
  5872 | D:12     | Noticed a seven-headed hydra
  5879 | D:12     | Killed a seven-headed hydra
  5907 | D:12     | Noticed a manticore
  5929 | D:12     | Killed a manticore
  5929 | D:12     | Reached XP level 11. HP: 16/53 MP: 13/15
  5950 | D:12     | Reached skill level 5 in Charms
  6112 | D:12     | Found a staircase to the Orcish Mines.
  6204 | D:13     | Reached skill level 5 in Necromancy
  6227 | D:13     | Noticed an orc knight
  6239 | D:13     | Noticed a cyan ugly thing
  6345 | D:13     | Noticed a deep elf mage
  6347 | D:13     | Killed a deep elf mage
  6465 | D:13     | Noticed a centaur warrior
  6467 | D:13     | Killed a centaur warrior
  6467 | D:13     | Reached skill level 1 in Evocations
  6552 | D:13     | Noticed a tengu warrior
  6557 | D:13     | Killed a tengu warrior
  6657 | D:14     | Noticed an unseen horror
  6666 | D:14     | Killed an unseen horror
  6720 | D:14     | Noticed a white ugly thing
  6723 | D:14     | Noticed a white ugly thing
  6723 | D:14     | Noticed a white ugly thing
  6723 | D:14     | Noticed a white ugly thing
  6723 | D:14     | Noticed a white ugly thing
  6724 | D:14     | Noticed a white ugly thing
  6725 | D:14     | Killed a white ugly thing
  6727 | D:14     | Killed a white ugly thing
  6727 | D:14     | Reached *** piety under Wu Jian
  6751 | D:14     | Noticed a centaur warrior
  6775 | D:14     | Slain by a centaur warrior
  6776 | D:14     | Reached XP level 10. HP: -1/50 MP: 15/15
  6783 | D:14     | Reached skill level 5 in Evocations
  6909 | D:14     | Found a gate to the Vaults.
  6909 | D:14     | Noticed a two-headed ogre
  6913 | D:14     | Killed a two-headed ogre
  6913 | D:14     | Reached XP level 11. HP: 53/53 MP: 11/17
  6923 | D:14     | Learned a level 1 spell: Confusing Touch
  6925 | D:14     | Learned a level 1 spell: Animate Skeleton
  6927 | D:14     | Learned a level 1 spell: Apportation
  7174 | D:15     | Entered Level 15 of the Dungeon
  7297 | D:15     | Noticed a fire dragon
  7299 | D:15     | Noticed a two-headed ogre
  7303 | D:15     | Killed a two-headed ogre
  7381 | D:15     | Noticed an orc knight
  7481 | D:15     | Noticed Azrael
  7529 | D:15     | Killed an orc knight
  7712 | D:15     | Noticed a centaur warrior
  7728 | D:15     | Killed a centaur warrior
  7755 | D:15     | Noticed a catoblepas
  7759 | D:15     | Killed a catoblepas
  7862 | D:15     | Reached skill level 12 in Unarmed Combat
  8317 | D:14     | Reached **** piety under Wu Jian
  8365 | D:14     | Noticed a deep elf mage
  8375 | D:14     | Killed a deep elf mage
  8380 | D:14     | Noticed a brown ugly thing
  8381 | D:14     | Noticed a death knight
  8416 | D:14     | Noticed a brown ugly thing
  8501 | D:13     | Ultraviolent4: yaaaas
  8632 | Orc:1    | Entered Level 1 of the Orcish Mines
  8722 | Orc:1    | Found a roughly hewn altar of Beogh.
  8794 | Orc:1    | Gained mutation: Your thick and shaggy fur keeps you warm. (AC +3, rC+) [Felid growth]
  8794 | Orc:1    | Reached XP level 12. HP: 57/58 MP: 13/18
  8893 | Orc:1    | Noticed a two-headed ogre
  8896 | Orc:1    | Noticed a two-headed ogre
  8900 | Orc:1    | Noticed a two-headed ogre
  8903 | Orc:1    | Killed a two-headed ogre
  8912 | Orc:1    | Killed a two-headed ogre
  8918 | Orc:1    | Killed a two-headed ogre
  8950 | Orc:1    | Noticed a two-headed ogre
  8950 | Orc:1    | Noticed a two-headed ogre
  8966 | Orc:1    | Noticed a two-headed ogre
  8966 | Orc:1    | Noticed Erolcha
  8995 | Orc:1    | Killed Erolcha
  9031 | Orc:1    | Killed a two-headed ogre
  9095 | Orc:1    | Killed a two-headed ogre
  9144 | Orc:2    | Entered Level 2 of the Orcish Mines
  9144 | Orc:2    | Found a radiant altar of Vehumet.
  9374 | Orc:2    | Found a staircase to the Elven Halls.
  9655 | Orc:1    | Reached ***** piety under Wu Jian
  9702 | Orc:2    | Found a deep blue altar of Sif Muna.
  9724 | Orc:2    | Identified Sif Muna's Disquisition on the Escort
  9851 | Orc:2    | Reached skill level 13 in Unarmed Combat
  9942 | Orc:2    | Reached skill level 10 in Fighting
 10137 | Orc:2    | Noticed Urug
 10173 | Orc:2    | Ultraviolent4: if you were a cat irl do you think you would learn kung fu?
 10175 | Orc:2    | Ultraviolent4: i would i think
 10231 | Orc:2    | Noticed an orc high priest
 10265 | Orc:2    | Killed an orc high priest
 10284 | Orc:2    | Killed Urug
 10296 | Orc:2    | Noticed an orc warlord
 10367 | Orc:2    | Mangled by an orc warlord

Vault maps used:
D:1:      ncdulo_smallfort, feat_on_display
D:2:      uniq_terence, uniq_natasha
D:3:      hangedman_decor_push, serial_bayou_pond_e
D:4:      okawaru_altar_gauntlet_db, minmay_temple_entry_butterflies,
          nicolae_tso_besieged_by_evil
D:5:      nicolae_gozag_zags_fifth_avenue, lemuel_crystal_altar, first_bread,
          dk_noncrumbling_3, feat_on_display
D:6:      lemuel_crystal_altar, serial_bayou_lagoon_a, uniq_sigmund,
          uniq_grinder
D:7:      zin_treasury, hangedman_abyss_or_decor_passed
D:8:      minmay_curled_crystal
D:9:      nicolae_overflow_crystal_walls
D:10:     minmay_blocky_corners, due_lair_maze_entry_diamond, enter_trove_3,
          hangedman_ranch, uniq_fannar, uniq_harold
D:11:     uniq_maurice
D:12:     orc_0_dummy
D:13:     minmay_cut_squares
D:14:     david_vaults_1, fountainhead
D:15:     hangedman_depths_entry_try_elsewhere_first, glass_columns_a,
          kennysheep_four_rooms, uniq_azrael
Temple:   eino_temple_rhombus
Orc:1:    lemuel_ogre_cave, basic_altar
Orc:2:    grunt_orc_cross, basic_altar, led_sif_book

Skill      XL: |  1  2  3  4  5  6  7  8  9 10 11 12 |
---------------+-------------------------------------+-----
Dodging        | 1 2 3 4 5 8 10 11 12 | 12.1
Stealth        | 3 4 5 6 7 9 11 12 | 12.1
Unarmed Combat | 3 4 5 7 9 11 12 13 | 13.2
Fighting       | 8 9 10 | 10.1
Necromancy     | 4 6 |  6.0
Charms         | 4 7 |  7.1
Spellcasting   | 2 3 |  3.1
Evocations     | 6 7 8 |  8.4

Action                   |  1- 3 |  4- 6 |  7- 9 | 10-12 || total
-------------------------+-------+-------+-------+-------++-------
Melee: Unarmed           |    44 |    47 |   461 |   884 ||  1436
       Bite              |     2 |     7 |    49 |   107 ||   165
       Punch             |       |       |    21 |    55 ||    76
 Cast: Regeneration      |       |       |       |   109 ||   109
       Confusing Touch   |       |       |       |     2 ||     2
 Abil: Evoke Berserk Rag |       |       |       |     5 ||     5
Evoke: Wand              |       |     3 |    18 |    21 ||    42
  Use: Potion            |     2 |     2 |     8 |     5 ||    17
       Scroll            |     2 |     3 |     9 |     7 ||    21
 Stab: Sleeping          |     8 |     8 |    20 |    30 ||    66
       Confused          |       |     1 |     4 |     4 ||     9
       Invisible         |       |       |     5 |       ||     5
       Distracted        |       |       |     3 |     3 ||     6
  Eat: Chunk             |     4 |     3 |    29 |    41 ||    77
Armor: Skin              |     2 |     1 |    56 |    22 ||    81
Dodge: Dodged            |    36 |    42 |   323 |   606 ||  1007
Block: Other             |       |       |    54 |    89 ||   143
